 Dungeon Crawl Stone Soup version 0.19-a0-742-g4563caa (webtiles) character file.

384107 Leszczynek the Shatterer (level 22, -19/252 HPs)
             Began as an Ogre Transmuter on June 22, 2016.
             Was the Champion of Elyvilon.
             Demolished by a spriggan berserker
             ... wielding a +0 quarterstaff
              (27 damage)
             ... on level 5 of the Depths on June 23, 2016.
             The game lasted 05:11:37 (84448 turns).

Leszczynek the Shatterer (Ogre Transmuter)         Turns: 84448, Time: 05:11:38

Health: -19/252    AC: 20    Str: 23    XL:     22   Next: 95%
Magic:  32/32      EV: 24    Int: 12    God:    Elyvilon [******]
Gold:   2075       SH:  0    Dex: 19    Spells: 5 memorised, 24 levels left

rFire  + + .     SeeInvis +     a - +9 giant spiked club
rCold  . . .     Gourm    .     F - +3 fire dragon armour
rNeg   . . .     Faith    .     (shield currently unavailable)
rPois  .         Spirit   .     (helmet restricted)
rElec  +         Dismiss  .     t - +1 cloak
rCorr  .         Reflect  .     (gloves unavailable)
SustAt .         Harm     .     (boots unavailable)
MR     +++++                    N - amulet of rage
Stlth  +.........               Y - ring of the Oligarchy {rElec MR+++ EV+3 Str-3 SInv}
                                T - ring "Goetant" {rElec rC+ MR+}

@: agile, almost entirely resistant to hostile enchantments, very unstealthy
A: unfitting armour, hooves 1, yellow scales 1, agile 1, tough skin 1
a: Lesser Healing, Heal Other, Purification, Greater Healing, Divine Vigour,
Divine Protection, Renounce Religion, Evoke Berserk Rage
}: 2/15 runes: barnacled, gossamer


You were on level 5 of the Depths.
You worshipped Elyvilon.
Elyvilon was exalted by your worship.
You were very hungry.

You visited 7 branches of the dungeon, and saw 40 of its levels.
You visited 1 bazaar.
You also visited: Labyrinth, Sewer, Bailey and Wizlab.

You collected 5074 gold pieces.
You spent 2999 gold pieces at shops.

Inventory:

Hand Weapons
 a - a +9 giant spiked club (weapon)
 b - a +1 blowgun
Missiles
 i - 4 curare-tipped needles
 k - 29 javelins
 q - 75 large rocks (quivered)
 y - 8 silver javelins
 C - 2 needles of confusion
 K - 7 throwing nets
 R - 58 tomahawks
Armour
 t - a +1 cloak (worn)
 F - a +3 fire dragon armour (worn)
Jewellery
 o - an uncursed ring of protection from cold
 A - an uncursed ring of poison resistance
 N - an amulet of rage (around neck)
 T - the ring "Goetant" (left hand) {rElec rC+ MR+}
   (You found it on level 15 of the Dungeon)

   [ring of protection from magic]

   It protects you from cold.
   It insulates you from electricity.
   It affects your resistance to hostile enchantments.
 V - an uncursed ring of sustain attributes
 Y - the ring of the Oligarchy (right hand) {rElec MR+++ EV+3 Str-3 SInv}
   (You found it on level 6 of the Lair of Beasts)

   [ring of evasion]

   It affects your evasion (+3).
   It affects your strength (-3).
   It insulates you from electricity.
   It affects your resistance to hostile enchantments.
   It lets you see invisible.
 Z - the ring "Georoti" {*Confuse rF+ AC+3 Int+2 Dex+3}
   (You found it on level 6 of the Lair of Beasts)

   [ring of protection]

   It affects your AC (+3).
   It affects your intelligence (+2).
   It affects your dexterity (+3).
   It protects you from fire.
   It may confuse you when you take damage.
Wands
 I - a wand of teleportation (3/9)
 Q - a wand of teleportation (1/9)
 U - a wand of disintegration (13/24)
 W - a wand of paralysis (14/24)
 X - a wand of teleportation (2/9)
Scrolls
 f - 7 scrolls of fear
 g - 4 scrolls of teleportation
 j - 7 scrolls of recharging
 n - 28 scrolls of remove curse
 D - 3 scrolls of fog
 E - 3 scrolls of blinking
 G - a scroll of holy word
 O - 7 scrolls of identify
 P - 2 scrolls of magic mapping
Potions
 e - 5 potions of might
 h - 2 potions of agility
 l - 3 potions of resistance
 m - 7 potions of cure mutation
 p - a potion of berserk rage
 r - 5 potions of flight
 s - 10 potions of curing
 w - 5 potions of magic
 x - 3 potions of cancellation
 z - 2 potions of heal wounds
 H - 3 potions of haste
Miscellaneous
 u - a fan of gales
 v - 2 boxes of beasts
 J - a lamp of fire (inert)
 L - a phial of floods
Comestibles
 c - a royal jelly
 d - 15 bread rations
 B - 19 meat rations


   Skills:
 - Level 21.4 Fighting
 - Level 24.0 Maces & Flails
 * Level 16.6 Throwing
 + Level 10.5 Armour
 + Level 12.7 Dodging
 - Level 2.6 Unarmed Combat
 - Level 7.0 Spellcasting
 - Level 4.0 Summonings
 - Level 9.1 Translocations
   Level 1.3 Transmutations
 - Level 13.2 Invocations
 - Level 8.0 Evocations


You had 24 spell levels left.
You knew the following spells:

 Your Spells              Type           Power        Failure   Level  Hunger
a - Apportation           Tloc           ####......   1%          1    None
c - Blink                 Tloc           N/A          1%          2    #......
d - Portal Projectile     Tloc           ####..       3%          3    ###....
e - Passage of Golubria   Tloc           N/A          12%         4    ####...
f - Summon Butterflies    Summ           ##......     10%         1    None


Dungeon Overview and Level Annotations

Branches:
Dungeon (15/15)              Lair (6/6) D:8          Shoals (4/4) Lair:3
 Spider (4/4) Lair:2        Slime (0/5) Lair:5          Orc (2/2) D:11
    Elf (0/3) Orc:2        Vaults (4/5) D:14          Crypt (0/3) Vaults:2
 Depths (5/5) D:15
 Temple: D:4-7          Zot: Depths:5

Altars:
Ashenzari
Elyvilon
Gozag
Nemelex Xobeh
Okawaru
Pakellas
Ru
Uskayaw
Yredelemnul
The Shining One
Beogh
Jiyva

Shops:
D:15 [!}   Orc:1 *   Orc:2 **}:%   Depths:2 *

Portals:
Hell: Depths:1 Depths:2 Depths:3 Depths:4
Abyss: Depths:4
Pandemonium: Depths:3
Ziggurat: Depths:4

Annotations:
D:4 Gorice's ghost, novice HOAK
D:6 Prince Ribbit
Lair:4 nubinia's ghost, journeyman DrAE
Vaults:3 Jory
Depths:4 1 runed door


Innate Abilities, Weirdness & Mutations

You are too large for most types of armour.
You have tough skin. (AC +1)
You have large cloven feet.
You are partially covered in yellow scales. (AC +2)
You are agile. (Dex +2)


Message History

* * * LOW HITPOINT WARNING * * *
The sphinx is engulfed in roaring flames.
Unknown command.
You feel much better.
The spriggan berserker hits you with a quarterstaff!!
* * * LOW HITPOINT WARNING * * *
The sphinx is engulfed in roaring flames.
Unknown command.
You feel much better.
The spriggan berserker hits you but does no damage.
The spriggan berserker hits you with a quarterstaff!!!
* * * LOW HITPOINT WARNING * * *
The sphinx is engulfed in roaring flames.
Unknown command.
You feel agile all of a sudden.
The sphinx casts a spell.
Something smites you!
* * * LOW HITPOINT WARNING * * *
The spriggan berserker hits you with a quarterstaff!!
You die...

...#...# #....≈#.# ...#..c#
#....≈# # ...$.. ########
#....≈# ..... #.?....#
#...≈≈#
...######......######...≈##
...#.(.........'........≈#
<..#.###.......####.....≈#
...#.###.......####H§...≈#
...#............@iYEH§..≈#
..#################E....≈#
... #.....≈##### .###
#...).≈≈≈≈≈≈ ..
#........... ..
####........ #########


You could see 2 sphinxes, an elephant (berserk), a spriggan berserker (berserk)
and 2 air elementals.

Vanquished Creatures
  Mara (Depths:3)
  Boris (twice) (Vaults:2 Depths:5)
  The ghost of Kaziganthi the Impregnable, a veteran MiBe of Trog (Depths:3)
  A tentacled monstrosity (Depths:2)
  4 sphinxes
  Kirke (D:14)
  A storm dragon (Vaults:4)
  A shadow dragon (Depths:1)
  3 frost giants
  5 fire giants
  8 vault wardens
  3 orc warlords
  5 ghost moths (Spider:4)
  Aizul (Depths:3)
  5 emperor scorpions
  15 stone giants
  12 ironheart preservers
  4 entropy weavers
  12 very ugly things
  3 deep elf demonologists
  Azrael (D:15)
  A lorocyproca (Depths:3)
  2 deep elf annihilators
  3 dire elephants (Lair:6)
  3 spark wasps
  2 merfolk javelineers
  7 ettins
  A deep elf death mage (Vaults:2)
  2 minotaurs
  8 merfolk impalers
  9 ice dragons
  8 fire dragons
  A deep elf high priest (Depths:1)
  5 great orbs of eyes
  7 yaktaur captains
  A hell beast (Depths:3)
  A rakshasa (Vaults:2)
  8 vault guards
  A spriggan air mage (Depths:4)
  4 hydras
  13 centaur warriors
  An alligator snapping turtle (Shoals:3)
  A catoblepas (D:15)
  2 merfolk avatars
  12 ogre magi
  An anaconda (Lair:6)
  A death knight (Vaults:2)
  2 dancing weapons (D:14)
  8 deep troll shamans
  5 tengu warriors
  4 merfolk aquamancers
  2 deep troll earth magi
  A satyr (Shoals:3)
  11 death yaks
  7 orc high priests
  A vampire mage (Depths:2)
  2 spriggan berserkers
  4 deep elf knights
  Urug (D:15)
  A soul eater (Depths:3)
  2 sun demons (Depths:3)
  2 shadow wraiths
  6 hell knights (Depths:3)
  2 iron trolls (Depths:3)
  4 flayed ghosts
  A death drake (shapeshifter) (Vaults:1)
  13 sea snakes
  22 skeletal warriors
  8 unseen horrors
  An unseen horror (shapeshifter) (Vaults:4)
  A gelid demonspawn (Depths:3)
  13 deep trolls
  2 giant orange brains (Depths:2)
  9 hill giants
  A sphinx zombie (Vaults:4)
  A phantasmal warrior (D:15)
  21 deep elf magi
  14 orc knights
  2 mana vipers (shapeshifter)
  7 deep elf archers
  12 ironbrand convokers
  A necromancer (Vaults:4)
  3 wizards
  17 harpies
  16 orb spiders
  23 wolf spiders
  8 cyclopes
  11 manticores
  6 hornets
  5 orc sorcerers
  17 griffons
  37 ugly things
  A moth of wrath (shapeshifter) (Depths:4)
  12 fauns
  9 elephants
  3 sirens
  7 human skeletons
  2 guardian serpents (D:15)
  Psyche (D:10)
  18 vault sentinels
  7 black mambas
  2 guardian serpents (shapeshifter)
  A rust devil (Depths:3)
  A torpor snail (Lair:5)
  A frost giant skeleton (Vaults:2)
  6 water nymphs
  A naga mage (D:15)
  A spiny frog (shapeshifter) (Depths:2)
  A gargoyle (WizLab)
  10 spiny frogs
  53 yaktaurs
  2 rime drakes (Lair:6)
  2 efreet
  13 demonic crawlers
  2 yaktaurs (shapeshifter)
  4 komodo dragons
  3 hellwings (Depths:3)
  6 freezing wraiths
  A kobold demonologist (Vaults:2)
  4 tengu conjurers
  A meliai (shapeshifter) (Vaults:1)
  12 trolls
  A queen bee (Lair:1)
  22 merfolk
  5 wind drakes
  6 meliai
  A wind drake (shapeshifter) (Vaults:4)
  38 jumping spiders
  A harpy zombie (D:15)
  A wolf spider simulacrum (D:15)
  23 two-headed ogres
  A blink frog (shapeshifter) (D:13)
  A boulder beetle (shapeshifter) (Depths:1)
  5 boulder beetles
  11 blink frogs
  2 human simulacra (Vaults:4)
  A centaur simulacrum (D:15)
  5 snapping turtles
  32 slime creatures
  68 redbacks
  3 shadows
  2 ettin skeletons (Vaults:2)
  2 air elementals (Depths:4)
  18 tarantellas
  2 ynoxinuls (Depths:3)
  4 hogs (D:14)
  2 tarantellas (shapeshifter)
  A wyvern (D:9)
  17 water elementals
  4 fire elementals
  61 yaks
  3 wraiths (Vaults:1)
  A hog (shapeshifter) (Vaults:2)
  8 basilisks
  Grum (D:8)
  12 hippogriffs
  9 vampire mosquitoes
  Menkaure (D:7)
  2 hungry ghosts (D:9)
  3 nagas (D:15)
  2 neqoxecs (Depths:3)
  8 wargs
  4 mottled dragons
  A swamp worm (shapeshifter) (Vaults:3)
  6 hell hounds
  A soldier ant (shapeshifter) (Vaults:2)
  25 water moccasins
  A deep troll skeleton (Vaults:2)
  2 giant eyeballs (D:15)
  12 porcupines
  6 ice beasts
  41 orc warriors
  4 wasps
  A black bear (Lair:1)
  A necrophage (D:10)
  2 sky beasts
  An eye of draining (D:15)
  16 centaurs
  An eye of draining (shapeshifter) (D:14)
  53 ogres
  3 phantoms
  6 boggarts
  9 wolves
  An elf skeleton (Vaults:2)
  4 big kobolds
  13 crocodiles
  15 giant frogs
  8 gnoll sergeants (Bailey)
  9 scorpions
  29 killer bees
  4 wights
  4 howler monkeys (D:8)
  9 electric eels
  12 crimson imps
  A giant frog zombie (D:8)
  6 centaur zombies
  3 quasits
  A wasp zombie (D:7)
  7 jellies
  6 hounds
  25 orc wizards
  43 orc priests
  Crazy Yiuf (D:7)
  4 giant frog skeletons
  7 centaur skeletons
  6 gnoll shamans (Bailey)
  7 worker ants
  9 iguanas
  22 sheep
  2 hound skeletons
  2 worker ant zombies
  20 gnolls
  46 river rats
  15 adders
  7 shadow imps
  A white imp (Depths:3)
  3 ufetubi (Depths:3)
  22 oozes
  2 adder skeletons
  2 worms
  A dart slug (D:2)
  11 giant geckos
  120 orcs
  11 bats
  18 giant cockroaches
  5 goblins
  8 hobgoblins
  16 jackals
  8 quokkas
  12 ball pythons (Sewer)
  22 giant newts
  29 kobolds
  2 quokka skeletons
  6 rats
  5 plants
1956 creatures vanquished.

Vanquished Creatures (collateral kills)
  A black mamba (Lair:6)
  A water elemental (Shoals:4)
  A giant frog (Sewer)
  An ooze (Sewer)
  A worm (D:3)
  2 hobgoblins (D:1)
7 creatures vanquished.

Vanquished Creatures (others)
  A death yak (Lair:6)
  A wolf spider (Lair:2)
  A jumping spider (Spider:3)
  A troll (D:11)
  3 redbacks
  3 yaks (D:10)
  3 humans
  A mottled dragon (D:15)
  An orc warrior (Vaults:3)
  A sky beast (D:13)
  A centaur (D:13)
  A crimson imp (D:8)
  An orc priest (Vaults:3)
  A worker ant (D:10)
  A kobold (D:10)
  66 fungi
  38 plants
125 creatures vanquished.

Grand Total: 2088 creatures vanquished

Notes
Turn   | Place    | Note
--------------------------------------------------------------
     0 | D:1      | Leszczynek the Ogre Transmuter began the quest for the Orb.
     0 | D:1      | Reached XP level 1. HP: 19/19 MP: 3/3
   215 | D:2      | Reached skill level 2 in Fighting
   248 | D:2      | Found a shattered altar of Ashenzari.
   440 | D:2      | Reached XP level 2. HP: 24/29 MP: 3/5
   447 | D:2      | Learned a level 2 spell: Sticks to Snakes
  1155 | D:1      | Reached skill level 1 in Maces & Flails
  1570 | D:1      | Reached skill level 2 in Maces & Flails
  1895 | D:2      | Reached XP level 3. HP: 27/36 MP: 0/6
  2209 | D:2      | Reached skill level 3 in Maces & Flails
  2301 | D:2      | Found a faded altar of an unknown god.
  2761 | D:3      | Reached XP level 4. HP: 22/44 MP: 7/7
  2767 | D:3      | Reached skill level 4 in Maces & Flails
  3478 | D:3      | Reached skill level 5 in Maces & Flails
  3685 | D:3      | Reached XP level 5. HP: 47/52 MP: 8/8
  3848 | D:3      | Noticed an ogre
  3880 | D:3      | Killed an ogre
  3880 | D:3      | Reached skill level 6 in Maces & Flails
  4299 | D:4      | Noticed an orc warrior
  4328 | D:4      | Reached skill level 3 in Fighting
  4328 | D:4      | Reached skill level 7 in Maces & Flails
  4328 | D:4      | Reached XP level 6. HP: 45/61 MP: 9/9
  4409 | D:4      | Found a basalt altar of Yredelemnul.
  4557 | D:4      | Found a glowing drain.
  4610 | D:4      | Noticed Gorice's ghost (novice HOAK)
  4634 | Sewer    | Entered a sewer
  5179 | Sewer    | Reached skill level 4 in Fighting
  5179 | Sewer    | Reached skill level 8 in Maces & Flails
  5268 | Sewer    | Reached XP level 7. HP: 68/70 MP: 10/10
  5616 | D:2      | Became a worshipper of Elyvilon the Healer
  5616 | D:2      | Reached * piety under Elyvilon
  5651 | D:4      | Reached skill level 9 in Maces & Flails
  5928 | D:5      | Entered Level 5 of the Dungeon
  5963 | D:5      | Reached skill level 10 in Maces & Flails
  6403 | D:5      | Reached XP level 8. HP: 74/78 MP: 11/11
  6492 | D:5      | Reached skill level 11 in Maces & Flails
  6605 | D:5      | Reached skill level 2 in Dodging
  6635 | D:5      | Found a white marble altar of Elyvilon.
  6646 | D:5      | Found a sacrificial altar of Ru.
  7208 | D:6      | Reached ** piety under Elyvilon
  7261 | D:6      | Reached skill level 5 in Fighting
  7522 | D:6      | Reached skill level 12 in Maces & Flails
  7522 | D:6      | Reached skill level 3 in Dodging
  7649 | D:6      | Reached XP level 9. HP: 85/88 MP: 12/12
  7797 | D:6      | Found a glowing golden altar of the Shining One.
  7842 | D:6      | Reached skill level 1 in Invocations
  8482 | D:6      | Reached skill level 6 in Fighting
  8622 | D:7      | Noticed Prince Ribbit
  8740 | D:7      | Reached skill level 2 in Invocations
  8846 | D:7      | Found an iron altar of Okawaru.
  8959 | D:7      | Noticed Menkaure
  8964 | D:7      | Killed Menkaure
  8964 | D:7      | Reached skill level 13 in Maces & Flails
  9053 | D:7      | Gained mutation: You are frail. (-10% HP) [potion of mutation]
  9053 | D:7      | Gained mutation: You have large cloven feet. [potion of mutation]
  9053 | D:7      | Gained mutation: You are very frail. (-20% HP) [potion of mutation]
  9054 | D:7      | Lost mutation: You are very frail. (-20% HP) [potion of cure mutation]
  9054 | D:7      | Lost mutation: You are frail. (-10% HP) [potion of cure mutation]
  9132 | D:7      | Reached *** piety under Elyvilon
  9379 | D:7      | Reached skill level 3 in Invocations
  9557 | D:7      | Reached skill level 7 in Fighting
  9807 | D:7      | Noticed Crazy Yiuf
  9811 | D:7      | Killed Crazy Yiuf
 10025 | D:8      | Noticed a red ugly thing
 10088 | D:8      | Reached skill level 1 in Throwing
 10099 | D:8      | Reached skill level 2 in Throwing
 10274 | D:7      | Reached skill level 3 in Throwing
 10274 | D:7      | Reached XP level 10. HP: 45/102 MP: 11/13
 10772 | D:8      | Noticed Grum
 10786 | D:8      | Reached skill level 4 in Throwing
 10786 | D:8      | Reached skill level 4 in Invocations
 10807 | D:8      | HP: 1/102 [Grum/enchanted halberd (12)]
 11625 | D:8      | Found a staircase to the Lair.
 11768 | D:8      | Killed Grum
 12072 | D:8      | Killed a red ugly thing
 12072 | D:8      | Reached skill level 14 in Maces & Flails
 12072 | D:8      | Reached skill level 5 in Invocations
 12379 | D:9      | Reached skill level 8 in Fighting
 12683 | D:9      | Reached skill level 5 in Throwing
 13358 | D:9      | Reached **** piety under Elyvilon
 13454 | D:10     | Entered Level 10 of the Dungeon
 13503 | D:10     | Reached skill level 6 in Invocations
 13639 | D:10     | Reached XP level 11. HP: 56/112 MP: 15/15
 13838 | D:10     | Found a flagged portal.
 14014 | Bailey   | Entered a bailey
 14269 | Bailey   | Reached skill level 15 in Maces & Flails
 14282 | Bailey   | Reached skill level 9 in Fighting
 14283 | Bailey   | HP: 9/114 [gnoll/halberd (13)]
 15507 | Bailey   | Reached skill level 6 in Throwing
 16014 | D:10     | Reached skill level 4 in Dodging
 16770 | D:10     | Noticed a hill giant
 16774 | D:10     | Killed a hill giant
 16798 | D:10     | Noticed Psyche
 16809 | D:10     | Killed Psyche
 16827 | D:10     | Reached skill level 7 in Invocations
 17150 | D:10     | Noticed a hill giant
 17156 | D:10     | Killed a hill giant
 17532 | D:10     | Killed an unseen horror
 17876 | D:10     | Reached skill level 7 in Throwing
 18622 | D:9      | Noticed a brown ugly thing
 18845 | Lair:1   | Entered Level 1 of the Lair of Beasts
 19378 | Lair:1   | Reached skill level 10 in Fighting
 19378 | Lair:1   | Reached XP level 12. HP: 88/126 MP: 17/17
 19412 | Lair:1   | Reached skill level 16 in Maces & Flails
 20221 | Lair:1   | Found a sparkling altar of Nemelex Xobeh.
 20386 | Lair:1   | Reached skill level 8 in Invocations
 21772 | Lair:2   | Reached skill level 8 in Throwing
 21907 | Lair:2   | Found a hole to the Spider Nest.
 21930 | Lair:2   | Reached skill level 1 in Evocations
 22132 | Lair:2   | Reached skill level 11 in Fighting
 22710 | Lair:3   | Noticed a death yak
 22712 | Lair:3   | Noticed a death yak
 22756 | Lair:3   | Killed a death yak
 22756 | Lair:3   | Reached skill level 2 in Evocations
 22766 | Lair:3   | Reached skill level 17 in Maces & Flails
 22962 | Lair:3   | Noticed a death yak
 22962 | Lair:3   | Noticed a death yak
 23015 | Lair:3   | Killed a death yak
 23035 | Lair:3   | Killed a death yak
 23035 | Lair:3   | Reached skill level 3 in Evocations
 23038 | Lair:3   | Killed a death yak
 23521 | Lair:3   | Reached skill level 12 in Fighting
 23525 | Lair:3   | Reached XP level 13. HP: 117/140 MP: 19/19
 23828 | Lair:3   | Found an opulent altar of Gozag.
 23889 | Lair:3   | Reached skill level 4 in Evocations
 23938 | Lair:3   | Found a staircase to the Shoals.
 24057 | Lair:3   | Reached ***** piety under Elyvilon
 24235 | Lair:4   | Found a labyrinth entrance.
 24258 | Lab      | Entered a labyrinth
 24647 | Lab      | Noticed a minotaur
 24674 | Lab      | Killed a minotaur
 25684 | Lair:4   | Noticed nubinia's ghost (journeyman DrAE)
 26192 | Lair:4   | Gained mutation: You are agile. (Dex +2) [potion of beneficial mutation]
 26625 | Lair:4   | Reached skill level 13 in Fighting
 26625 | Lair:4   | Reached skill level 18 in Maces & Flails
 26749 | Lair:4   | Reached skill level 5 in Dodging
 26960 | Lair:4   | Reached skill level 9 in Throwing
 27957 | Lair:5   | Reached skill level 6 in Dodging
 29382 | Lair:5   | Reached skill level 7 in Dodging
 29382 | Lair:5   | Reached XP level 14. HP: 127/154 MP: 20/20
 29459 | Lair:5   | Found a viscous altar of Jiyva.
 29460 | Lair:5   | Found a staircase to the Slime Pits.
 29795 | Lair:6   | Entered Level 6 of the Lair of Beasts
 29994 | Lair:6   | Reached skill level 14 in Fighting
 30058 | Lair:6   | Gained mutation: You are partially covered in yellow scales. (AC +2) [potion of beneficial mutation]
 30404 | Lair:6   | Reached skill level 10 in Throwing
 30628 | Lair:6   | Reached skill level 8 in Dodging
 31686 | Lair:6   | Got a sparkling marble ring
 31689 | Lair:6   | Identified the ring of the Oligarchy {rElec MR+++ EV+3 Str-3 SInv} (You found it on level 6 of the Lair of Beasts)
 31778 | Lair:6   | Noticed a dire elephant
 31848 | Lair:6   | Noticed a dire elephant
 31848 | Lair:6   | Noticed a dire elephant
 31859 | Lair:6   | Killed a dire elephant
 31868 | Lair:6   | Killed a dire elephant
 31889 | Lair:6   | Got a steaming tin ring
 31891 | Lair:6   | Identified the ring "Georoti" {*Confuse rF+ AC+3 Int+2 Dex+3} (You found it on level 6 of the Lair of Beasts)
 32137 | Lair:6   | Killed a dire elephant
 32652 | D:11     | Found a staircase to the Orcish Mines.
 32718 | D:11     | Found an oddly glowing altar of Pakellas.
 33256 | D:12     | Reached skill level 9 in Dodging
 33833 | Orc:1    | Entered Level 1 of the Orcish Mines
 33926 | Orc:1    | Learned a level 1 spell: Apportation
 33929 | Orc:1    | Learned a level 2 spell: Blink
 33933 | Orc:1    | Learned a level 3 spell: Portal Projectile
 33938 | Orc:1    | Learned a level 4 spell: Passage of Golubria
 33943 | Orc:1    | Learned a level 1 spell: Summon Butterflies
 34081 | Orc:1    | Reached skill level 15 in Fighting
 34296 | Orc:1    | Noticed an orc warlord
 34349 | Orc:1    | Killed an orc warlord
 34600 | Orc:1    | Found Anomefy's General Store.
 34603 | Orc:1    | Noticed an orc warlord
 34723 | Orc:1    | Reached XP level 15. HP: 153/167 MP: 21/21
 34771 | Orc:1    | Killed an orc warlord
 34771 | Orc:1    | Reached skill level 19 in Maces & Flails
 35194 | Orc:1    | Bought a scroll of identify for 32 gold pieces
 35369 | Orc:2    | Entered Level 2 of the Orcish Mines
 36073 | Orc:2    | Found Maufuh's Assorted Antiques.
 36077 | Orc:2    | Found a staircase to the Elven Halls.
 36080 | Orc:2    | Reached ****** piety under Elyvilon
 36120 | Orc:2    | Found Ciomuj's Assorted Antiques.
 36163 | Orc:2    | Reached skill level 5 in Evocations
 36170 | Orc:2    | Found Fariz's Gadget Shoppe.
 36184 | Orc:2    | Bought a green potion for 24 gold pieces
 36184 | Orc:2    | Bought 2 fuming black potions for 48 gold pieces
 36184 | Orc:2    | Bought a scroll of identify for 54 gold pieces
 36210 | Orc:2    | Found a roughly hewn altar of Beogh.
 36247 | Orc:2    | Found Maerr's Food Shoppe.
 36247 | Orc:2    | Found Guisuhio's Book Shop.
 36639 | Orc:2    | Bought a manual of Fighting for 1876 gold pieces
 36726 | Orc:2    | Bought a scroll of identify for 74 gold pieces
 36743 | Orc:2    | Bought a scroll of teleportation for 81 gold pieces
 36743 | Orc:2    | Bought a scroll of fear for 94 gold pieces
 37086 | Orc:1    | Bought 2 scrolls of blinking for 240 gold pieces
 37086 | Orc:1    | Bought a scroll of blinking for 120 gold pieces
 37086 | Orc:1    | Bought a scroll of magic mapping for 56 gold pieces
 37086 | Orc:1    | Bought a potion of heal wounds for 80 gold pieces
 38580 | D:14     | Found a gate to the Vaults.
 38601 | D:14     | Reached skill level 11 in Throwing
 39432 | D:14     | Noticed Kirke
 39442 | D:14     | Killed Kirke
 39442 | D:14     | Reached skill level 6 in Evocations
 39617 | D:15     | Entered Level 15 of the Dungeon
 39623 | D:15     | Reached skill level 20 in Maces & Flails
 40277 | D:15     | Reached skill level 16 in Fighting
 40414 | D:15     | Reached skill level 10 in Dodging
 40463 | D:15     | Found Omybel's Distillery.
 40480 | D:15     | Identified a scroll of acquirement
 40502 | D:15     | Noticed Urug
 40513 | D:15     | Killed Urug
 40525 | D:15     | Got a glittering steel ring
 40527 | D:15     | Identified the ring "Goetant" {rElec rC+ MR+} (You found it on level 15 of the Dungeon)
 40552 | D:15     | Reached XP level 16. HP: 138/180 MP: 22/22
 41128 | D:15     | Found Adoxoipu's Gadget Emporium.
 41172 | D:15     | Got a flickering bronze ring
 41175 | D:15     | Identified the ring "Xykhaly" {Dex+4 Stlth+} (You found it on level 15 of the Dungeon)
 41758 | D:15     | Reached skill level 17 in Fighting
 42157 | D:15     | Found Feqegam's Antique Armour Emporium.
 42206 | D:15     | Got a bound bronze ring
 42210 | D:15     | Identified the ring "Yschunap" {Fire Int+3 Stlth+} (You found it on level 15 of the Dungeon)
 42253 | D:15     | Reached skill level 9 in Invocations
 42253 | D:15     | Reached skill level 7 in Evocations
 42585 | D:15     | Got an ichor-stained hunting sling
 42586 | D:15     | Identified the +5 hunting sling "Ozomm" {speed, +Fly MP+9 Dex-4} (You found it on level 15 of the Dungeon)
 42594 | D:15     | Found a staircase to the Depths.
 42688 | D:15     | Noticed Azrael
 42712 | D:15     | Killed Azrael
 42712 | D:15     | Reached skill level 12 in Throwing
 43272 | Depths:1 | Entered Level 1 of the Depths
 43570 | Depths:1 | Reached skill level 10 in Invocations
 44218 | Shoals:1 | Entered Level 1 of the Shoals
 44338 | Shoals:1 | Reached skill level 18 in Fighting
 44912 | Shoals:1 | Found a flickering gateway to a bazaar.
 44943 | Bazaar   | Entered a bazaar
 45183 | Bazaar   | Found Suer's Distillery.
 45187 | Bazaar   | Found Macus's Antique Weapon Boutique.
 45187 | Bazaar   | Found Qyduec's Distillery.
 45187 | Bazaar   | Found Buocoecu's Jewellery Boutique.
 45208 | Bazaar   | Bought an uncursed ring of poison resistance for 220 gold pieces
 45621 | Spider:1 | Entered Level 1 of the Spider Nest
 45908 | Lair:2   | Reached skill level 8 in Evocations
 45936 | Spider:1 | Reached skill level 11 in Invocations
 45936 | Spider:1 | Reached XP level 17. HP: 74/196 MP: 25/25
 47465 | Spider:1 | Reached skill level 19 in Fighting
 48538 | Spider:2 | Reached skill level 13 in Throwing
 49531 | Spider:3 | Reached skill level 12 in Invocations
 50829 | Spider:4 | Entered Level 4 of the Spider Nest
 51805 | Spider:4 | Reached skill level 20 in Fighting
 53572 | Spider:4 | Reached skill level 14 in Throwing
 53688 | Spider:4 | Reached XP level 18. HP: 210/210 MP: 27/27
 53805 | Spider:4 | Reached skill level 1 in Translocations
 53927 | Spider:4 | Reached skill level 2 in Translocations
 54155 | Spider:4 | Reached skill level 3 in Translocations
 54761 | Spider:4 | Reached skill level 4 in Translocations
 55595 | Spider:4 | Got a gossamer rune of Zot
 55596 | Spider:4 | Upgraded the game from 0.19-a0-734-ge18daf0 to 0.19-a0-742-g4563caa
 55985 | Vaults:1 | Entered Level 1 of the Vaults
 56171 | Vaults:1 | Found a magical portal.
 56196 | WizLab   | Entered Doroklohe's Tomb
 56229 | Vaults:1 | no thanks, not the doroklohe's tomb
 56345 | Vaults:1 | Reached skill level 5 in Translocations
 57697 | Vaults:1 | Reached skill level 6 in Translocations
 58144 | Vaults:1 | Reached skill level 21 in Fighting
 58857 | Vaults:1 | Noticed an Ice Fiend
 59202 | Vaults:1 | Reached skill level 3 in Spellcasting
 59929 | Vaults:2 | Reached XP level 19. HP: 161/223 MP: 26/28
 60195 | Vaults:2 | Reached skill level 4 in Spellcasting
 60483 | Vaults:2 | Reached skill level 15 in Throwing
 60994 | Vaults:2 | Reached skill level 11 in Dodging
 61118 | Vaults:2 | Reached skill level 1 in Armour
 61136 | Vaults:2 | Reached skill level 2 in Armour
 61208 | Vaults:2 | Reached skill level 3 in Armour
 61766 | Vaults:2 | Reached skill level 4 in Armour
 61971 | Vaults:2 | Reached skill level 5 in Armour
 62059 | Vaults:2 | Noticed Boris
 62074 | Vaults:2 | Killed Boris
 62153 | Vaults:2 | Reached skill level 6 in Armour
 62359 | Vaults:2 | Found a staircase to the Crypt.
 62900 | Vaults:3 | Reached skill level 7 in Armour
 63689 | Vaults:3 | Reached skill level 8 in Armour
 63692 | Vaults:3 | Noticed Jory
 64690 | Vaults:2 | Reached XP level 20. HP: 100/234 MP: 29/29
 64994 | Vaults:3 | Reached skill level 9 in Armour
 67351 | Vaults:4 | Reached skill level 10 in Armour
 67888 | Vaults:4 | Reached skill level 7 in Translocations
 69586 | Vaults:4 | Reached skill level 21 in Maces & Flails
 70357 | Shoals:1 | Reached skill level 8 in Translocations
 71371 | Shoals:2 | Reached skill level 5 in Spellcasting
 71663 | Shoals:2 | Reached XP level 21. HP: 229/243 MP: 30/30
 72023 | Shoals:3 | Reached skill level 6 in Spellcasting
 72320 | Shoals:3 | Found a hide-covered altar of Uskayaw.
 72337 | Shoals:3 | Got a dazzling greatsling
 72338 | Shoals:3 | Identified the +7 greatsling of Gravity {flame, Int+5} (You found it on level 3 of the Shoals)
 73392 | Shoals:3 | Reached skill level 7 in Spellcasting
 73692 | Shoals:4 | Entered Level 4 of the Shoals
 73708 | Shoals:4 | Reached skill level 16 in Throwing
 73959 | Shoals:4 | Got a barnacled rune of Zot
 74574 | Shoals:3 | no, fuck this
 74574 | Shoals:3 | just leave those rocks alone
 75303 | Depths:1 | Reached skill level 9 in Translocations
 75637 | Depths:1 | Found a gateway to Hell.
 76361 | Depths:2 | Found Haonati's General Store.
 76380 | Depths:2 | Reached skill level 22 in Maces & Flails
 77041 | Depths:2 | Reached skill level 13 in Invocations
 78701 | Depths:3 | Reached skill level 1 in Summonings
 78708 | Depths:2 | Reached XP level 22. HP: 223/252 MP: 32/32
 79351 | Depths:3 | Found a one-way gate leading to the halls of Pandemonium.
 79405 | Depths:3 | Noticed Mara
 79427 | Depths:3 | Noticed Leszczynek's illusion
 79744 | Depths:3 | Noticed Leszczynek's illusion
 80202 | Depths:2 | Reached skill level 23 in Maces & Flails
 80202 | Depths:2 | Reached skill level 2 in Summonings
 80316 | Depths:3 | Killed Mara
 80496 | Depths:3 | Reached skill level 12 in Dodging
 81090 | Depths:3 | Reached skill level 3 in Summonings
 81106 | Depths:3 | HP: 20/252 [sun demon (20)]
 81151 | Depths:3 | 4.5 drain
 81151 | Depths:3 | from one hell knight
 81151 | Depths:3 | fun fun
 81481 | Depths:3 | oh you'd like some rN+ wouldn't you
 81481 | Depths:3 | ha ha too bad :^)
 81783 | Depths:3 | still 4.3 drain
 82210 | Depths:3 | Noticed Kaziganthi's ghost (veteran MiBe)
 82246 | Depths:3 | Killed Kaziganthi's ghost
 82302 | Depths:3 | Reached skill level 4 in Summonings
 82926 | Depths:3 | Noticed Aizul
 82935 | Depths:3 | Killed Aizul
 83304 | Depths:4 | Reached skill level 24 in Maces & Flails
 83384 | Depths:4 | Found a gateway to a ziggurat.
 83856 | Depths:4 | Found a runed door.
 83904 | Depths:4 | Found a one-way gate to the infinite horrors of the Abyss.
 84228 | Depths:5 | Entered Level 5 of the Depths
 84407 | Depths:5 | Noticed Boris
 84412 | Depths:5 | Killed Boris
 84447 | Depths:5 | HP: 23/252 [spriggan berserker/quarterstaff (38)]
 84448 | Depths:5 | HP: 8/252 [sphinx/divine providence (15)]
 84448 | Depths:5 | Demolished by a spriggan berserker

Vault maps used:
D:1:      evilmike_arrival_crescent, due_unseen_surprise
D:2:      nicolae_ashenzari_panopticon, ecumenical_altar_2
D:4:      marbit_many_paths, portal_sewer_entry_f, serial_glass,
          glass_columns_c, glass_columns_a, glass_columns_a, glass_columns_b,
          first_bread
D:5:      minitemple
D:6:      nicolae_tso_carved_into_rock, st_stairs_9
D:7:      okawaru_gym_becter, minmay_misc_feat_four_crosses,
          uniq_prince_ribbit1, uniq_menkaure, uniq_crazy_yiuf_cottage
D:8:      due_lair_maze_entry_diamond, uniq_grum
D:9:      grunt_ministairs_13
D:10:     enter_bailey_2, hangedman_little_slice_of_home, uniq_psyche
D:11:     gammafunk_pakellas_statue_experiment
D:13:     lemuel_flamethrower_2
D:14:     erik_vaults_1, kennysheep_small_circle, uniq_kirke
D:15:     hangedman_spin_cycle, uniq_urug, uniq_josephine
Lair:1:   wad_woods_stonehenge, special_room, enter_volcano_3,
          beast_lair_carwin_6, infiniplex_staircase_pool
Lair:2:   spider_nest_entry_rubble
Lair:3:   minmay_shoals_entry_lonely_mermaid, basic_altar, st_stairs_4,
          minmay_stone_trees_small
Lair:4:   beast_lair_carwin_large_4, lab_entry_generic
Lair:5:   slime_altar_1, serial_bayou_crossing
Lair:6:   due_jungle_book, bobbens_dragon_lair_wall
Shoals:1: serial_shops, bzr_entry_customers
Shoals:3: regret_index_shoals_crete
Shoals:4: shoals_end_grunt_ice, shoals_ilsuiw_alternative, yaktaur_hedge
Spider:4: spider_rune_water
Orc:1:    serial_shops, shop, guppyfry_library_mini
Orc:2:    st_orc_town, serial_shops, nicolae_shop_statue_plus
Vaults:1: v_misc_18, vaults_dpeg_ring, vaults_room_boxed,
          ontoclasm_vaults_pinch, nicolae_vaults_network_star,
          ontoclasm_vaults_gateway, nicolae_vaults_little_squares_3,
          vaults_room_door_ring, lightli_enter_wizlab_magi_temple
Vaults:2: nicolae_vaults_back_hallway, v_misc_4, vaults_room_stairs_pillars,
          v_rooms_6, minmay_crypt_entry_skeletal_spiral,
          ontoclasm_vaults_claustrophobia, vaults_mumra_lcd, v_misc_10,
          hangedman_vaults_hat, vaults_room_stairs_pillars, grunt_vaults_swirl,
          nicolae_vaults_network_square, st_lattice, uniq_boris
Vaults:3: nicolae_vaults_alarming, special_room_vaults,
          nicolae_vaults_specimen_jars, vaults_dpeg_spiral,
          vaults_dpeg_diagonal, vaults_room_large_hall, uniq_jory
Vaults:4: vaults_room_corners, v_misc_33, v_pattern_1, v_rooms_4,
          nicolae_vaults_bisected_exclaves, v_misc_3
Depths:1: hell_entry, kennysheep_underground_church
Depths:2: minmay_guarded_unrand_guard, grunt_hell_entry_dis_mu, serial_shops,
          nicolae_shop_stone, hex_tiny, serial_sigils_hangedman_confine,
          kilobyte_mutagenic_chamber
Depths:3: kennysheep_demon_jail, grunt_pan_entry_sceptre, hell_entry,
          infiniplex_staircase_diamond, serial_bayou_shore_a, uniq_aizul,
          uniq_mara
Depths:4: thingy_vault_2, enter_ziggurat_b, hangedman_decor_slide_cut,
          pf_vacation_house_of_asmodeus, abyss_entry
Depths:5: evilmike_zot_entry_castle, nicolae_twisting_strands,
          hangedman_coc_ice_floe, uniq_boris
Lab:      labyrinth_spiral, nicolae_lab_grate, nicolae_lab_t_cross,
          labyrinth_fake_exit, nicolae_lab_hexagon, nicolae_lab_checkerboard,
          nicolae_lab_swirl
Bazaar:   bazaar_minmay_cross
Sewer:    sewer_frog_island_02
Bailey:   bailey_polearm_gnolls_kennysheep, bailey
WizLab:   wizlab_doroklohe

Skill      XL: |  1  2  3  4  5  6  7  8  9 10 11 12 13 14 15 16 17 18 19 20 21 22 |
---------------+-------------------------------------------------------------------+-----
Fighting       | 2 3 4 5 7 8 10 12 13 15 16 18 20 21 | 21.4
Maces & Flails | 2 3 5 7 8 10 12 13 14 15 17 18 20 21 22 24 | 24.0
Dodging        | 3 4 7 9 10 11 12 | 12.7
Invocations    | 3 6 7 8 11 12 13 | 13.2
Throwing       | 3 5 7 8 9 10 11 12 14 15 16 | 16.6
Evocations     | 3 4 6 8 |  8.0
Translocations | 6 8 9 |  9.1
Spellcasting   | 3 4 5 7 |  7.0
Armour         | 8 10 | 10.5
Summonings     | 1 4 |  4.0
Unarmed Combat | |  2.6
Transmutations | |  1.3

Action                   |  1- 3 |  4- 6 |  7- 9 | 10-12 | 13-15 | 16-18 | 19-21 | 22-24 || total
-------------------------+-------+-------+-------+-------+-------+-------+-------+-------++-------
Melee: Dagger            |   115 |       |       |       |       |       |       |       ||   115
       Unarmed           |    11 |       |       |       |       |       |       |       ||    11
       Kick              |    11 |       |    23 |   218 |   502 |   511 |   536 |   189 ||  1990
       Short sword       |    69 |    42 |       |       |       |       |       |       ||   111
       Flail             |       |   198 |    27 |       |       |       |       |       ||   225
       Punch             |       |     2 |     1 |       |       |       |       |       ||     3
       Giant club        |       |    24 |   268 |   574 |       |       |       |       ||   866
       Giant spiked club |       |       |       |   127 |  1282 |  1182 |  1492 |   471 ||  4554
 Fire: Blowgun           |       |     8 |     1 |    19 |    34 |       |       |       ||    62
       Hunting sling     |       |       |       |    11 |    10 |       |       |       ||    21
Throw: Stone             |     5 |       |       |       |       |       |       |       ||     5
       Large rock        |       |       |     6 |    25 |    25 |    81 |   109 |    44 ||   290
       Throwing net      |       |       |       |     2 |     1 |       |     3 |     8 ||    14
       Tomahawk          |       |       |       |       |       |   107 |     5 |    16 ||   128
 Cast: Beastly Appendage |    11 |       |       |       |       |       |       |       ||    11
       Sticks to Snakes  |     3 |     2 |     8 |       |       |       |       |       ||    13
       Portal Projectile |       |       |       |       |       |       |     3 |     2 ||     5
       Apportation       |       |       |       |       |       |       |     1 |       ||     1
       Passage of Golubr |       |       |       |       |       |       |       |     1 ||     1
Invok: Lesser Healing    |       |       |     2 |       |     1 |       |       |       ||     3
       Heal Other        |       |       |       |     4 |     3 |     7 |     1 |       ||    15
       Greater Healing   |       |       |       |     2 |     2 |     2 |     3 |     3 ||    12
       Purification      |       |       |       |       |     3 |     3 |     1 |       ||     7
 Abil: Evoke Berserk Rag |       |       |       |       |       |     2 |       |       ||     2
Evoke: Wand              |       |       |     1 |    25 |    11 |     7 |     2 |     2 ||    48
       Lamp of fire      |       |       |       |       |     1 |       |     3 |     1 ||     5
       Box of beasts     |       |       |       |       |     1 |       |     1 |       ||     2
       Phial of floods   |       |       |       |       |     1 |       |       |       ||     1
  Use: Scroll            |       |     5 |    14 |     3 |    20 |    12 |    12 |     2 ||    68
       Potion            |       |       |     2 |     1 |     5 |     2 |     5 |     7 ||    22
 Stab: Paralysed         |       |       |     2 |    11 |     3 |     4 |       |       ||    20
       Distracted        |       |       |     1 |       |     1 |     3 |     1 |       ||     6
       Sleeping          |       |       |       |     1 |     2 |     3 |       |       ||     6
       Held in net/web   |       |       |       |       |     2 |       |       |     4 ||     6
  Eat: Chunk             |     7 |     8 |    16 |    33 |    43 |    36 |    45 |    17 ||   205
       Pizza             |       |       |     1 |       |       |     1 |     2 |       ||     4
       Fruit             |       |       |       |    13 |       |     2 |     5 |       ||    20
       Beef jerky        |       |       |       |     1 |     5 |     1 |     2 |       ||     9
       Royal jelly       |       |       |       |     1 |     4 |    14 |     5 |       ||    24
Armor: Robe              |    95 |    77 |    70 |   111 |   259 |   302 |    22 |       ||   936
       Skin              |       |       |       |       |     2 |       |       |       ||     2
       Fire dragon armou |       |       |       |       |       |       |   590 |   218 ||   808
Dodge: Dodged            |   138 |   143 |   154 |   371 |   833 |  1291 |  1135 |   395 ||  4460
